[Event "Team 45 45 League T39"]
[Site "Internet Chess Club"]
[Date "2008.11.30"]
[Round "6"]
[White "jordifp"]
[Black "pelayo"]
[Result "1-0"]
[WhiteElo "1759"]
[BlackElo "1586"]
[Opening "Queen's Indian: 4.Nc3"]
[ECO "E12"]
[Time "11:00:23"]
[TimeControl "2700+45"]

1. d4 Nf6 2. Nf3 e6 3. c4 b6 4. Nc3 Bb7 5. Qc2 d5 6. Ne5 Nbd7 7. Qa4 Be7 8. Bg5
O-O 9. e3 Nxe5 10. dxe5 Nd7 11. Bxe7 Qxe7 12. f4 Nc5 13. Qc2 dxc4 14. Bxc4 Qh4+
15. Qf2 Qxf2+ 16. Kxf2 Rad8 17. Rhd1 a6 18. b4 b5 19. Be2 Ne4+ 20. Nxe4 Bxe4 21.
Bf3 Bc2 22. Rd4 f6 23. exf6 Rxd4 24. exd4 Rd8 25. Ke3 gxf6 26. Rc1 Bg6 27. Rxc7
e5 28. fxe5 fxe5 29. dxe5 Rd3+ 30. Kf4 Ra3 31. Bd5+ Kf8 32. Bb3 a5 33. bxa5 Rxa5
34. Kg5 b4 35. Kf6 Ke8 36. g4 Kd8 37. Rb7 Bb1 38. Rxb4 Bxa2 39. Bxa2 Rxa2 40. h4
Re2 41. Ke6 Kc7 42. Rc4+ Kb6 43. Kd5 {Black resigns} 1-0

[Event "Team 45 45 League T39"]
[Site "Internet Chess Club"]
[Date "2008.11.29"]
[Round "6"]
[White "Fidius"]
[Black "ErCaos"]
[Result "1-0"]
[WhiteElo "2017"]
[BlackElo "1772"]
[Opening "Petrov: Cochrane gambit"]
[ECO "C42"]
[Time "16:03:05"]
[TimeControl "2700+45"]

1. e4 e5 2. Nf3 Nf6 3. Nxe5 d6 4. Nxf7 Kxf7 5. d4 Be7 6. Nc3 Re8 7. Bc4+ Be6 8.
Bxe6+ Kxe6 9. O-O Kf7 10. f4 Kg8 11. e5 dxe5 12. fxe5 Nd5 13. Qf3 Nxc3 14. bxc3
c6 15. Qg4 Bf8 16. Bh6 Qd7 17. Rf5 Re6 18. Raf1 Na6 19. Rf7 Qxf7 20. Rxf7 Kxf7
21. Qf5+ Ke7 22. Bg5+ Kd7 23. d5 cxd5 24. Qf7+ Be7 25. Bxe7 Rxe7 26. Qxd5+ Kc8
27. Qg8+ Kc7 28. Qxa8 Rxe5 29. Qf8 Rd5 30. Qxg7+ Rd7 31. Qg3+ Kd8 32. Qf3 b6 33.
g4 Nc5 34. g5 Ke8 35. h4 Rf7 36. Qa8+ Ke7 37. Qxa7+ Nd7 38. Qc7 Kf8 39. Qd6+ Ke8
40. h5 Re7 41. g6 hxg6 42. hxg6 Rg7 43. Kf2 Nf8 44. Qe5+ Re7 45. Qb8+ Kd7 46.
Qxf8 {Black resigns} 1-0

[Event "Team 45 45 League T39"]
[Site "Internet Chess Club"]
[Date "2008.11.30"]
[Round "6"]
[White "andrew28"]
[Black "hewdondada"]
[Result "1/2-1/2"]
[WhiteElo "1753"]
[BlackElo "1854"]
[Opening "Scandinavian defense"]
[ECO "B01"]
[Time "17:00:17"]
[TimeControl "2700+45"]

1. e4 d5 2. exd5 Qxd5 3. Nc3 Qa5 4. d4 Nf6 5. Nf3 Bf5 6. Bc4 e6 7. O-O Be7 8.
Ne5 O-O 9. g4 Bg6 10. Qf3 c6 11. h4 Nbd7 12. Bf4 Qb6 13. h5 Bxc2 14. Rac1 Qxd4
15. Ne2 Nxe5 16. Nxd4 Nxf3+ 17. Nxf3 Be4 18. Ne5 Rfd8 19. f3 Bd5 20. Rcd1 Bd6
21. b3 Rac8 22. Be2 h6 23. Kf2 Nh7 24. Kg3 Ng5 25. Kh4 Bxe5 26. Bxe5 f6 27. Bd4
c5 28. Be3 b6 29. f4 Ne4 30. Ba6 Rc7 31. g5 Rdd7 32. gxh6 gxh6 33. f5 Ng5 34.
Bb5 Rf7 35. fxe6 Bxe6 36. Rd8+ Kg7 37. Rd6 Rce7 38. Bc1 Bc8 39. Bd3 Rd7 40. Rxd7
Rxd7 41. Bg6 Rd4+ 42. Kg3 Rg4+ 43. Kf2 Nh3+ 44. Kf3 Rg1 45. Rxg1 Nxg1+ 46. Kf2
Nh3+ 47. Kg3 Ng5 48. Bf4 a6 49. a4 b5 50. Bd6 bxa4 51. bxa4 f5 52. Kf4 Ne6+ 53.
Ke5 c4 54. Bxf5 Kf7 55. Bxe6+ Bxe6 56. Kd4 Bd7 57. Bf4 Bxa4 58. Bxh6 Bd1 59.
Kxc4 {Game drawn by mutual agreement} 1/2-1/2

[Event "Team 45 45 League T39"]
[Site "Internet Chess Club"]
[Date "2008.12.01"]
[Round "6"]
[White "mugurelt"]
[Black "jjmolina"]
[Result "1/2-1/2"]
[WhiteElo "1673"]
[BlackElo "1749"]
[Opening "Benko's opening"]
[ECO "A00"]
[Time "14:02:18"]
[TimeControl "2700+45"]

1. g3 c6 2. c4 d5 3. cxd5 cxd5 4. Bg2 e6 5. Nf3 Bd6 6. Nc3 a6 7. d3 Nc6 8. O-O
Qc7 9. e4 dxe4 10. Nxe4 Be7 11. Qc2 Nf6 12. Bf4 Qd8 13. h3 Nd5 14. Bd2 Ndb4 15.
Bxb4 Nxb4 16. Qc3 O-O 17. Rfd1 Nd5 18. Qb3 Rb8 19. Nc3 Bf6 20. d4 Bd7 21. Nxd5
exd5 22. Qxd5 Bc6 23. Qxd8 Rfxd8 24. Ne5 Bd5 25. Bxd5 Rxd5 26. Rac1 Rbd8 27. Nf3
Rb5 28. b3 Ra5 29. Rc2 Rad5 30. Rc7 R5d7 31. Rdc1 Kf8 32. Rxd7 Rxd7 {Game drawn
by mutual agreement} 1/2-1/2

[Event "Team 45 45 League T39"]
[Site "Internet Chess Club"]
[Date "2008.11.26"]
[Round "6"]
[White "Cotesita"]
[Black "RD1974"]
[Result "1/2-1/2"]
[WhiteElo "1632"]
[BlackElo "1617"]
[Opening "QGD: Chigorin defense"]
[ECO "D07"]
[Time "19:38:35"]
[TimeControl "2700+45"]

1. d4 d5 2. c4 Nc6 3. Nf3 Bg4 4. e3 e6 5. Nc3 Nf6 6. Be2 Bb4 7. Bd2 O-O 8. O-O
Bxc3 9. Bxc3 Ne4 10. Qc2 Qf6 11. Qb3 Ng5 12. cxd5 Nd8 13. dxe6 Nxf3+ 14. Bxf3
Bxf3 15. gxf3 Qxf3 16. e7 Qg4+ {Game drawn by mutual agreement} 1/2-1/2

[Event "Team 45 45 League T39"]
[Site "Internet Chess Club"]
[Date "2008.11.30"]
[Round "6"]
[White "Fosca"]
[Black "IceBox"]
[Result "1-0"]
[WhiteElo "1910"]
[BlackElo "1723"]
[Opening "KP: Nimzovich defense"]
[ECO "B00"]
[Time "16:01:54"]
[TimeControl "2700+45"]

1. e4 Nc6 2. d4 d5 3. e5 Bf5 4. c3 e6 5. f4 a6 6. Nf3 Be7 7. Be3 Nh6 8. h4 Bg4
9. g3 Nf5 10. Bf2 Na5 11. Nbd2 b5 12. Bh3 Bxh3 13. Rxh3 h5 14. b4 Nc4 15. Nxc4
bxc4 16. Qa4+ Qd7 17. Qxd7+ Kxd7 18. a4 c6 19. Kd2 Rhb8 20. Ra2 a5 21. bxa5 Rxa5
22. Rh1 Bd8 23. Kc2 Rba8 24. Rha1 Rb8 25. Ng5 Ke8 26. Nf3 Kd7 27. Nh2 Ra6 28.
Nf1 Ba5 29. Ra3 Rab6 30. Nd2 Rb2+ 31. Kc1 Kc7 32. Rb1 Rxb1+ 33. Nxb1 Kb7 34. Kc2
Ka6 35. Nd2 Bd8 36. Nf1 Be7 37. Ra2 Ka5 38. Nd2 Rb7 39. Ra1 Bd8 40. Nf1 Rb3 41.
Ne3 Nxe3+ 42. Bxe3 g6 43. Bc1 Be7 44. Bb2 Bf8 45. Rg1 Be7 46. g4 hxg4 47. Rxg4
Rb7 48. h5 gxh5 49. Rg7 Ka6 50. Rxf7 h4 51. Rh7 Bd8 52. Rh6 Rf7 53. Rxe6 Kb7 54.
Bc1 Rh7 55. Rg6 h3 56. Rg1 h2 57. Rh1 Rh3 58. f5 Ba5 59. Bd2 Kc7 60. e6 Kd8 61.
f6 Bc7 62. f7 Ke7 63. Bc1 Bd6 64. Bg5+ Kxe6 65. Bf4 Be7 66. Rxh2 Rxh2+ 67. Bxh2
Kxf7 68. Bc7 Ke8 69. a5 Kd7 70. Bb6 Bd8 71. Bxd8 Kxd8 72. Kb2 Kc7 73. Ka3 Kb7
74. Ka4 Ka6 75. Kb4 Kb7 76. Kc5 Ka6 77. Kxc6 Kxa5 78. Kxd5 Kb5 79. Ke6 Kc6 80.
d5+ Kc7 81. d6+ Kd8 82. d7 Kc7 83. Ke7 {Black resigns} 1-0

[Event "Team 45 45 League T39"]
[Site "Internet Chess Club"]
[Date "2008.11.29"]
[Round "6"]
[White "arriero55"]
[Black "joshtournman"]
[Result "1/2-1/2"]
[WhiteElo "1467"]
[BlackElo "1505"]
[Opening "Ruy Lopez: Caro variation"]
[ECO "C70"]
[Time "13:53:44"]
[TimeControl "2700+45"]

1. e4 e5 2. Nf3 Nc6 3. Bb5 a6 4. Ba4 b5 5. Bb3 d6 6. h3 Be6 7. c3 Nf6 8. d3 Be7
9. O-O O-O 10. Nbd2 Na5 11. Bc2 c5 12. Re1 Qd7 13. Kh2 Rfc8 14. Nf1 h6 15. Ng3
c4 16. d4 exd4 17. Nxd4 Nc6 18. Nf3 Ne5 19. Nxe5 dxe5 20. Be3 Qxd1 21. Raxd1 Rd8
22. Bb6 Rxd1 23. Rxd1 Rb8 24. Bc7 Rb7 25. Bxe5 b4 26. Bb1 Nd7 27. Bd4 Bc5 28.
Ne2 bxc3 29. Bxc3 Bxf2 30. e5 g6 31. Be4 Ra7 32. Nf4 Nc5 33. Bc2 Be3 34. Nxe6
Nxe6 35. g3 Re7 36. Kg2 Bb6 37. Rd6 Bc7 38. Rc6 Nd8 39. Rxc4 Bxe5 40. Re4 f6 41.
Bb3+ Kg7 42. Ra4 Bxc3 43. bxc3 Rc7 44. c4 Rc6 45. Ra5 Nb7 46. Rd5 Nd6 47. Rd4
Kf8 48. Kf3 Ke7 49. g4 a5 50. Ke3 a4 51. Bxa4 Nxc4+ 52. Kf4 Rc5 53. Rd7+ Ke6 54.
Rd4 g5+ 55. Kg3 Nb6 56. Bb3+ Ke5 57. Rd3 f5 58. Re3+ Kd4 59. Re6 f4+ 60. Kf3
Rc3+ 61. Kf2 Nd5 62. Rd6 Rc5 63. Rxh6 Nb4 64. Rd6+ Ke4 65. Re6+ Kd4 66. Rd6+ Ke4
67. Re6+ Kd4 {Game drawn by mutual agreement} 1/2-1/2

[Event "Team 45 45 League T39"]
[Site "Internet Chess Club"]
[Date "2008.11.30"]
[Round "6"]
[White "Kravier"]
[Black "GolfSuper"]
[Result "1-0"]
[WhiteElo "1525"]
[BlackElo "1577"]
[Opening "Queen's bishop game"]
[ECO "D02"]
[Time "09:19:33"]
[TimeControl "2700+45"]

1. Nf3 Nf6 2. d4 d5 3. Bf4 e6 4. e3 c5 5. c4 cxd4 6. exd4 Bb4+ 7. Nc3 dxc4 8.
Bxb8 Rxb8 9. Qa4+ Qd7 10. Qxb4 Qc6 11. Bxc4 Bd7 12. O-O a6 13. Ne5 Qc7 14. Nxd7
Kxd7 15. d5 exd5 16. Nxd5 {Black resigns} 1-0

[Event "Team 45 45 League T39"]
[Site "Internet Chess Club"]
[Date "2008.11.30"]
[Round "6"]
[White "Millwright"]
[Black "BosqueVerde"]
[Result "0-1"]
[WhiteElo "1310"]
[BlackElo "1275"]
[Opening "King's pawn game"]
[ECO "C50"]
[Time "14:03:15"]
[TimeControl "2700+45"]

1. e4 e5 2. Nf3 Nc6 3. Bc4 h6 4. Nc3 Nf6 5. O-O Be7 6. d4 exd4 7. Nxd4 Nxd4 8.
Qxd4 c5 9. Qd3 O-O 10. Bf4 d6 11. h3 Bd7 12. Bxd6 Rc8 13. Bxe7 Qxe7 14. Rad1
Rcd8 15. Rfe1 Qe5 16. Qe3 b6 17. f4 Qh5 18. Bb5 Bxb5 19. Nxb5 Rxd1 {White
resigns} 0-1

[Event "Team 45 45 League T39"]
[Site "Internet Chess Club"]
[Date "2008.11.30"]
[Round "6"]
[White "rookmaster23"]
[Black "Riddari"]
[Result "1-0"]
[WhiteElo "1333"]
[BlackElo "1297"]
[Opening "QGA: 3.e4"]
[ECO "D20"]
[Time "13:57:37"]
[TimeControl "2700+45"]

1. d4 d5 2. c4 dxc4 3. e4 e5 4. d5 Nf6 5. Nc3 Bb4 6. Qa4+ c6 7. Qxb4 cxd5 8.
exd5 Nbd7 9. Bxc4 Qc7 10. Nb5 Qb6 11. Nd6+ {Black resigns} 1-0

[Event "Team 45 45 League T39"]
[Site "Internet Chess Club"]
[Date "2008.11.29"]
[Round "6"]
[White "Invicta-Knight"]
[Black "smsxman"]
[Result "1-0"]
[WhiteElo "1514"]
[BlackElo "1552"]
[Opening "Center game: Berger variation"]
[ECO "C22"]
[Time "13:04:24"]
[TimeControl "2700+45"]

1. e4 e5 2. d4 exd4 3. Qxd4 Nc6 4. Qe3 Nf6 5. Nc3 Be7 6. Bd2 O-O 7. O-O-O Re8 8.
Qg3 Bd6 9. f4 Nxe4 10. Nxe4 Rxe4 11. Bd3 Re8 12. Qh3 h6 13. Qf5 g6 14. Qh3 Bf8
15. Qg3 Ne7 16. f5 Kh7 17. fxg6+ fxg6 18. Rf1 Bg7 19. Rf7 Kg8 20. Bxg6 Rf8 21.
Rxg7+ Kxg7 22. Bc3+ Kg8 23. Be8+ {Black resigns} 1-0

[Event "Team 45 45 League T39"]
[Site "Internet Chess Club"]
[Date "2008.11.28"]
[Round "6"]
[White "stputte"]
[Black "Visin"]
[Result "0-1"]
[WhiteElo "1375"]
[BlackElo "1416"]
[Opening "Bird's opening"]
[ECO "A03"]
[Time "11:00:07"]
[TimeControl "2700+45"]

1. f4 d5 2. Nf3 Nc6 3. c3 Nf6 4. d3 Bf5 5. Qc2 e6 6. Nh4 Ne7 7. Nxf5 Nxf5 8. e4
dxe4 9. dxe4 Ne7 10. Be2 Qd7 11. Be3 a6 12. Nd2 O-O-O 13. Rd1 Nc6 14. e5 Nd5 15.
Nf1 Qe7 16. b4 Nxe3 17. Rxd8+ Qxd8 18. Nxe3 g5 19. Qe4 f5 20. exf6 Qxf6 21. fxg5
Qxc3+ 22. Kf1 Bxb4 23. Qxe6+ Kb8 24. Kf2 Rf8+ 25. Kg3 Bd6+ 26. Kh3 Bc5 27. Bxa6
Qxe3+ 28. Qxe3 Bxe3 29. Rb1 Bb6 30. Bd3 Rg8 31. Kh4 Ne5 32. Bxh7 Rh8 33. g6
Nxg6+ 34. Kg5 Ne5 35. Re1 Rxh7 36. Rxe5 Rxh2 37. g4 Rxa2 38. Kg6 Rg2 39. g5 c6
40. Kf7 Bd4 41. Re4 Bb2 42. g6 Rf2+ 43. Kg8 Rg2 44. Kf7 Ka7 45. Ra4+ Kb6 46. Ra2
Rf2+ 47. Kg8 Kc7 48. Kh7 Rh2+ 49. Kg8 Kd7 50. Ra7 Rh8+ 51. Kf7 Kc7 52. g7 Bxg7
53. Kxg7 Rd8 54. Kf6 Kb6 55. Ra4 c5 56. Ke5 Kc6 57. Ke4 b5 58. Ra6+ Kb7 59. Rh6
c4 60. Ke3 Rc8 61. Kd2 Rc6 62. Rh3 Kb6 63. Kc3 Ka5 64. Rh1 b4+ 65. Kb2 Kb5 66.
Rc1 Rd6 67. Rc2 Rd3 68. Rh2 Ka4 69. Rh4 c3+ 70. Kc2 Rd2+ 71. Kc1 Rg2 72. Rh8 Kb3
73. Kd1 Kb2 74. Rc8 c2+ 75. Rxc2+ Rxc2 76. Ke1 {White resigns} 0-1

[Event "Team 45 45 League T39"]
[Site "Internet Chess Club"]
[Date "2008.11.29"]
[Round "6"]
[White "jjaillet2007"]
[Black "Gomer"]
[Result "0-1"]
[WhiteElo "1244"]
[BlackElo "1146"]
[Opening "QGD Slav defense"]
[ECO "D13"]
[Time "18:02:05"]
[TimeControl "2700+45"]

1. d4 d5 2. c4 c6 3. Nc3 Nf6 4. cxd5 cxd5 5. Nf3 e6 6. Bg5 Be7 7. e3 O-O 8. Bd3
Nc6 9. O-O Ng4 10. Bxe7 Qxe7 11. h3 Nf6 12. Re1 e5 13. e4 dxe4 14. Nxe4 exd4 15.
Neg5 Qd6 16. Ne4 Nxe4 17. Bxe4 Re8 18. Bxh7+ Kxh7 19. Rxe8 Qg6 20. g4 Bxg4 21.
Ng5+ Qxg5 22. Qxg4 Qxg4+ 23. hxg4 Rxe8 24. Kg2 d3 25. Rd1 Rd8 26. Kf3 Nb4 27. a3
Nc6 28. Ke4 Kg6 29. Rxd3 Rxd3 30. Kxd3 Ne5+ 31. Ke4 Nxg4 32. f3 Nf2+ 33. Ke3
Nd1+ 34. Ke4 Nxb2 35. f4 a5 36. f5+ Kf6 37. Kf4 b5 38. Ke4 b4 39. axb4 axb4 40.
Kd4 Kxf5 41. Kc5 g5 42. Kxb4 g4 43. Kc3 Na4+ 44. Kd2 g3 45. Ke2 Kf4 46. Kf1 f5
47. Kg2 Kg4 48. Kf1 f4 49. Kg2 f3+ 50. Kg1 Kh3 51. Kh1 Nc3 52. Kg1 Ne4 53. Kh1
g2+ 54. Kg1 f2# {White checkmated} 0-1

[Event "Team 45 45 League T39"]
[Site "Internet Chess Club"]
[Date "2008.11.30"]
[Round "6"]
[White "SiNsUaT12"]
[Black "bjoernchess"]
[Result "1/2-1/2"]
[WhiteElo "2320"]
[BlackElo "2324"]
[Opening "Sicilian defense"]
[ECO "B44"]
[Time "08:00:05"]
[TimeControl "2700+45"]

1. e4 c5 2. Nf3 e6 3. d4 cxd4 4. Nxd4 Nc6 5. Nxc6 bxc6 6. Bd3 d5 7. exd5 cxd5 8.
O-O Nf6 9. c4 dxc4 10. Qa4+ Bd7 11. Qxc4 Be7 12. Nc3 O-O 13. Bf4 Qb6 14. Be5 Qb4
15. Rfd1 Qxc4 16. Bxc4 Bc6 17. Rac1 Rfd8 18. Bc7 Rxd1+ 19. Rxd1 Bc5 20. h3 Rc8
21. Be5 Nd7 22. Ba6 Re8 23. Bc7 Nf6 24. a3 Nd5 25. Be5 f6 26. Nxd5 Bxd5 27. Bc3
Re7 28. a4 Kf7 29. a5 Rc7 30. Rd3 Ke7 31. Bd2 Bd6 32. Rc3 e5 33. Rxc7+ Bxc7 34.
b4 Bd6 35. Kf1 g6 36. f3 h5 37. Ke2 e4 38. fxe4 Bxe4 39. Bd3 Bxg2 40. Bxg6 Bxh3
41. Bxh5 Bd7 42. Ke3 Be5 43. Be2 Kd6 44. Bc4 Bc6 45. Kd3 Bg2 46. Kc2 Bb7 47. b5
Kc5 48. Kb3 f5 49. Be3+ Bd4 50. Bd2 Be5 51. Bb4+ Kd4 52. a6 Ba8 53. Bc3+ Ke4 54.
Bd3+ Kf4 55. Bd2+ Kg4 56. Be2+ Kg3 57. Be3 Bb8 58. Kc4 f4 59. Bd4 f3 60. Bf1 f2
61. Kc5 Bc7 62. Kc4 Bg2 63. Bd3 f1=Q 64. Bxf1 Bxf1+ 65. Kd5 Bxb5 {Game drawn by
mutual agreement} 1/2-1/2

[Event "Team 45 45 League T39"]
[Site "Internet Chess Club"]
[Date "2008.11.29"]
[Round "6"]
[White "killer21"]
[Black "Superjem"]
[Result "1-0"]
[WhiteElo "2265"]
[BlackElo "2179"]
[Opening "Pirc: Sveshnikov system"]
[ECO "B07"]
[Time "06:00:40"]
[TimeControl "2700+45"]

1. e4 d6 2. d4 Nf6 3. Nc3 g6 4. g3 Bg7 5. Bg2 O-O 6. Nge2 Nbd7 7. h3 c5 8. O-O
Rb8 9. Be3 b6 10. Qd2 a6 11. Rad1 cxd4 12. Bxd4 Bb7 13. g4 b5 14. f4 b4 15. Nd5
e6 16. Nxf6+ Nxf6 17. g5 Ne8 18. Bxg7 Nxg7 19. Qxd6 Qa5 20. Rd4 Ba8 21. Rfd1
Qxa2 22. Rxb4 Rbc8 23. Nc3 Rxc3 24. bxc3 Qxc2 25. Qd2 Bxe4 26. Bxe4 {Black
resigns} 1-0

[Event "Team 45 45 League T39"]
[Site "Internet Chess Club"]
[Date "2008.12.01"]
[Round "6"]
[White "SuperPeon"]
[Black "andreip"]
[Result "0-1"]
[WhiteElo "2035"]
[BlackElo "2057"]
[Opening "Sicilian: Canal-Sokolsky attack, Sokolsky variation"]
[ECO "B52"]
[Time "09:12:20"]
[TimeControl "2700+45"]

1. e4 c5 2. Nf3 d6 3. Bb5+ Bd7 4. Bxd7+ Qxd7 5. c4 Nc6 6. d4 cxd4 7. Nxd4 Nf6 8.
Nc3 g6 9. f3 Bg7 10. Be3 O-O 11. Rc1 a6 12. O-O Rac8 13. b3 Nh5 14. Nd5 Rcd8 15.
a4 e6 16. Nb6 Qc7 17. Nxc6 bxc6 18. a5 c5 19. Qd2 Rb8 20. Rfd1 Rfd8 21. g4 Nf6
22. b4 cxb4 23. Qxb4 Bf8 24. Bg5 Be7 25. Qb2 Qc5+ {White resigns} 0-1

[Event "Team 45 45 League T39"]
[Site "Internet Chess Club"]
[Date "2008.11.29"]
[Round "6"]
[White "Terte"]
[Black "TerryMalloy"]
[Result "1/2-1/2"]
[WhiteElo "2056"]
[BlackElo "1922"]
[Opening "Petrov: classical attack, Chigorin variation"]
[ECO "C42"]
[Time "07:46:44"]
[TimeControl "2700+45"]

1. e4 e5 2. Nf3 Nf6 3. Nxe5 d6 4. Nf3 Nxe4 5. d4 d5 6. Bd3 Nc6 7. O-O Be7 8. Re1
Bg4 9. Bxe4 dxe4 10. Rxe4 Bxf3 11. Qxf3 Nxd4 12. Qc3 Ne6 13. Nd2 Qd5 14. Qc4
Qxc4 15. Nxc4 O-O 16. Bd2 Bf6 17. Ne5 Rfd8 18. Bc3 Rd5 19. Rae1 Bxe5 20. Bxe5
Rad8 21. Bc3 Rd1 22. f3 Rxe1+ 23. Rxe1 c6 24. Kf2 Re8 25. f4 Nc7 26. Rxe8+ Nxe8
27. Be5 f6 28. Bb8 a6 29. f5 Kf7 30. g4 Ke7 31. Ba7 g6 32. Bc5+ Kf7 33. Ke3 gxf5
34. gxf5 Ng7 35. Kf4 Nh5+ 36. Kg4 Ng7 37. c4 Ke8 38. b4 Kf7 39. a4 Ke8 40. Bd6
Kf7 41. Bf4 Ke8 42. Bh6 Kf7 43. b5 axb5 44. cxb5 cxb5 45. axb5 Ne8 46. Bf4 Ng7
47. Be3 Ke7 48. Bc5+ Kf7 49. Kf4 Ke8 50. Ke4 Kf7 51. Bd6 Ke8 52. Bf4 Kd7 {Game
drawn by mutual agreement} 1/2-1/2

[Event "Team 45 45 League T39"]
[Site "Internet Chess Club"]
[Date "2008.12.01"]
[Round "6"]
[White "specialxtr"]
[Black "Guinness"]
[Result "1-0"]
[WhiteElo "2458"]
[BlackElo "2269"]
[Opening "English opening"]
[ECO "A10"]
[Time "20:36:29"]
[TimeControl "2700+45"]

1. c4 b6 2. Nc3 Bb7 3. Nf3 e6 4. e4 Bb4 5. d3 c5 6. Be2 Ne7 7. O-O d5 8. exd5
exd5 9. Bf4 O-O 10. Nb5 Ng6 11. Bg3 f5 12. a3 f4 13. axb4 fxg3 14. hxg3 d4 15.
bxc5 bxc5 16. Rxa7 Rxa7 17. Nxa7 Na6 18. Nb5 Qe7 19. Qd2 Rb8 20. Re1 Qf6 21. Qg5
h6 22. Qxf6 gxf6 23. Nh4 Nxh4 24. gxh4 Bc6 25. Nd6 Nb4 26. Ra1 Ra8 27. Rxa8+
Bxa8 28. Kh2 Kg7 29. Kg3 Kf8 30. Nf5 h5 31. Kh3 Kg8 32. Ng3 Kf7 33. Nxh5 Bb7 34.
g4 Bc8 35. Kg3 Nc6 36. f4 Ne7 37. Bf3 Bd7 38. f5 Nc6 39. Bd5+ Ke7 {Black
resigns} 1-0

[Event "Team 45 45 League T39"]
[Site "Internet Chess Club"]
[Date "2008.11.30"]
[Round "6"]
[White "onslaught"]
[Black "fllinc"]
[Result "1/2-1/2"]
[WhiteElo "2173"]
[BlackElo "2087"]
[Opening "Nimzo-Indian: classical variation"]
[ECO "E32"]
[Time "20:21:54"]
[TimeControl "2700+45"]

1. d4 Nf6 2. c4 e6 3. Nc3 Bb4 4. Qc2 O-O 5. a3 Bxc3+ 6. Qxc3 Ne4 7. Qc2 d5 8. e3
b6 9. Bd3 Bb7 10. Nf3 c5 11. O-O Nd7 12. b3 Rc8 13. Bb2 cxd4 14. exd4 h6 15.
Rad1 Nd6 16. Nd2 dxc4 17. bxc4 Qg5 18. g3 Qh5 19. a4 Qh3 20. f3 Nf6 21. Rde1
Rfd8 22. Re5 Nd7 23. Re2 Nf6 24. a5 Nxc4 25. Bxc4 b5 26. Qb3 bxc4 27. Qxb7 c3
28. Bxc3 Rxc3 29. Qxa7 Rc2 30. Qb6 Rdc8 31. a6 Qf5 32. a7 Ra2 33. Qb8 Qc2 34.
Ne4 Rxa7 35. Nxf6+ gxf6 36. Rxc2 Rxb8 37. Kf2 Rb3 38. Rd1 Raa3 39. f4 Ra5 40. d5
exd5 41. Rc8+ Kg7 42. Rd2 h5 43. Rd8 Rbb5 44. Ke3 Ra3+ 45. Kf2 h4 46. gxh4 Rb4
47. R8xd5 Rxf4+ 48. Kg2 Rxh4 49. R5d4 Rxd4 50. Rxd4 f5 51. Rd6 f6 52. Rb6 Kg6
53. Rb4 Re3 54. Kf2 Rc3 55. Ra4 Kg5 56. Rb4 f4 57. Rb8 Kf5 58. Kg2 Rd3 59. Kf2
Re3 60. Rb5+ Kg4 61. Rb8 Rh3 62. Rg8+ Kf5 63. Kg2 Rb3 64. Ra8 Re3 65. Kf2 Rc3
66. Rb8 Rh3 67. Kg2 Rc3 68. Kf2 Rd3 69. Ra8 Rb3 70. Rc8 Rh3 71. Kg2 Ra3 72. Kf2
Rb3 73. Ra8 Kg4 74. Rg8+ Kh5 75. Rh8+ Kg6 76. Rg8+ Kf7 77. Ra8 Rb2+ 78. Kf3 Rxh2
79. Kxf4 Rf2+ 80. Ke4 f5+ 81. Ke5 Kg7 82. Rb8 Kg6 83. Rg8+ Kf7 {Game drawn by
mutual agreement} 1/2-1/2

[Event "Team 45 45 League T39"]
[Site "Internet Chess Club"]
[Date "2008.11.27"]
[Round "6"]
[White "MRX"]
[Black "jonesey"]
[Result "1/2-1/2"]
[WhiteElo "1728"]
[BlackElo "2016"]
[Opening "King's Indian: Andersson variation"]
[ECO "E92"]
[Time "13:00:07"]
[TimeControl "2700+45"]

1. d4 Nf6 2. Nf3 g6 3. c4 Bg7 4. Nc3 d6 5. e4 O-O 6. Be2 e5 7. dxe5 dxe5 8. Qxd8
Rxd8 9. Bg5 c6 10. Nxe5 Re8 11. O-O-O Rxe5 12. Rd8+ Re8 13. Bxf6 Rxd8 14. Bxd8
Bxc3 15. bxc3 Be6 16. h4 Nd7 17. Bg5 Ne5 18. h5 Kg7 19. hxg6 hxg6 20. Bh6+ Kf6
21. f4 Nd7 22. e5+ Ke7 23. Bg5+ Ke8 24. Rh8+ Nf8 25. g4 Rc8 26. f5 gxf5 27. Bh6
Ke7 28. Bg5+ Kd7 29. gxf5 Bxf5 30. Rh1 Ng6 31. Rd1+ Ke6 32. Bh5 Nxe5 33. Re1 Rh8
34. Bxf7+ Kxf7 35. Rxe5 Kg6 36. Be3 Rh2 37. Bxa7 Rc2+ 38. Kd1 Rxc3 39. Re7 b5
40. cxb5 cxb5 41. Rg7+ Kh6 42. Rb7 Bd3 43. Be3+ Kg6 44. Kd2 Ra3 45. Ra7 Rxa7 46.
Bxa7 {Game drawn by mutual agreement} 1/2-1/2

[Event "Team 45 45 League T39"]
[Site "Internet Chess Club"]
[Date "2008.11.30"]
[Round "6"]
[White "Qui"]
[Black "BenBoiss"]
[Result "0-1"]
[WhiteElo "1923"]
[BlackElo "1811"]
[Opening "Sicilian"]
[ECO "B50"]
[Time "16:00:12"]
[TimeControl "2700+45"]

1. e4 c5 2. Nf3 d6 3. c3 Nf6 4. e5 Nd5 5. Na3 a6 6. Bc4 e6 7. O-O Be7 8. d4 b5
9. dxc5 dxc5 10. Bd3 c4 11. Be4 Bb7 12. Qc2 h6 13. b3 cxb3 14. axb3 Qc7 15. Bd2
Nd7 16. c4 Nb4 17. Bxb4 Bxb4 18. Nxb5 axb5 19. Rxa8+ Bxa8 20. Bxa8 O-O 21. Be4
Nxe5 22. Nxe5 Qxe5 23. cxb5 Qxb5 24. Rd1 Qb8 25. g3 Rc8 26. Qe2 Bc5 27. Rb1 Qb4
28. Bc2 Bd4 29. Bd3 Rc3 30. Bc4 Qb6 31. Rd1 g6 32. h4 Rxg3+ 33. Kh2 Bxf2 34. Rf1
Qd4 {White resigns} 0-1

[Event "Team 45 45 League T39"]
[Site "Internet Chess Club"]
[Date "2008.11.28"]
[Round "6"]
[White "Portola"]
[Black "gagdad"]
[Result "1/2-1/2"]
[WhiteElo "1737"]
[BlackElo "1763"]
[Opening "Dutch"]
[ECO "A80"]
[Time "22:16:39"]
[TimeControl "2700+45"]

1. d4 f5 2. Nf3 Nf6 3. Bg5 Ne4 4. Bf4 g6 5. Nbd2 Nxd2 6. Qxd2 d6 7. e3 Bg7 8.
Bc4 d5 9. Bd3 Nd7 10. O-O O-O 11. c4 e6 12. c5 c6 13. b4 a6 14. Bd6 Re8 15. a3
Bf8 16. Bg3 Nf6 17. h3 Ne4 18. Bxe4 fxe4 19. Ne5 Bg7 20. Qe2 Rf8 21. Qg4 Qf6 22.
Bh4 Qf5 23. Qxf5 exf5 24. Bg3 Bh6 25. f4 exf3 26. Rxf3 a5 27. bxa5 Rxa5 28. Be1
Ra6 29. Bd2 Be6 30. g3 Rfa8 31. Bb4 Ra4 32. Re1 Re8 33. Rf2 Bg7 34. Nf3 Bc8 35.
Kh2 Bf8 36. Ne5 Bg7 37. Nf3 Bf8 38. Rb2 Bh6 39. Rb3 Kf7 40. Bd2 Bg7 41. Kg2 Ke7
42. Reb1 Kf8 43. Ng5 Kg8 44. Rf1 Bh6 45. Nf3 Rc4 46. Ne5 Rc2 47. Rf2 Bg7 48. Nf3
Bh6 49. a4 Ra2 50. a5 Bg7 51. Bb4 Rxf2+ 52. Kxf2 Bf6 53. Bd2 Re7 54. Ra3 f4 55.
Kg2 fxg3 56. Kxg3 Bf5 57. a6 bxa6 58. Rxa6 Re6 59. Ra8+ Kg7 60. Ra7+ Kg8 61. Ra6
Bd3 62. Rb6 Bb5 63. Rb8+ Kg7 64. Rb7+ Kg8 {Game drawn by mutual agreement}
1/2-1/2

[Event "Team 45 45 League T39"]
[Site "Internet Chess Club"]
[Date "2008.11.30"]
[Round "6"]
[White "charlo"]
[Black "Emrebey"]
[Result "1-0"]
[WhiteElo "1586"]
[BlackElo "1548"]
[Opening "Réti opening"]
[ECO "A05"]
[Time "12:06:03"]
[TimeControl "2700+45"]

1. Nf3 Nf6 2. d3 d6 3. e4 c5 4. g3 Nc6 5. Bg2 g6 6. Nc3 Bg7 7. O-O O-O 8. Re1
Ng4 9. h3 Nge5 10. Nxe5 Nxe5 11. Be3 Be6 12. f4 Nc6 13. a3 f5 14. e5 dxe5 15.
Bxc5 Re8 16. Bxc6 bxc6 17. fxe5 Qc7 18. d4 Bh6 19. Qf3 Qd7 20. Rad1 Qb7 21. d5
Bxd5 22. Nxd5 cxd5 23. Qxd5+ Qxd5 24. Rxd5 e6 25. Rd7 Rac8 26. b4 Bf8 27. Bxf8
Kxf8 28. Rxh7 Rxc2 29. Rd1 Rec8 30. Rdd7 Rb2 {Black resigns} 1-0

[Event "Team 45 45 League T39"]
[Site "Internet Chess Club"]
[Date "2008.11.28"]
[Round "6"]
[White "g8wrb"]
[Black "BarryNL"]
[Result "1-0"]
[WhiteElo "1499"]
[BlackElo "1491"]
[Opening "French: Tarrasch"]
[ECO "C03"]
[Time "14:01:37"]
[TimeControl "2700+45"]

1. e4 e6 2. d4 d5 3. Nd2 Bb4 4. c3 Ba5 5. e5 Ne7 6. Bd3 Ng6 7. Nb3 Bb6 8. f4 Nd7
9. Nf3 c5 10. Bc2 cxd4 11. cxd4 O-O 12. O-O a6 13. Kh1 Ba7 14. g4 Nb6 15. f5 Nh4
16. Bg5 f6 17. Bxh4 Nc4 18. Qc1 exf5 19. gxf5 b5 20. Rg1 Kh8 21. Nc5 Bxc5 22.
dxc5 Qe7 23. b4 Nxe5 24. Re1 Qc7 25. Nxe5 fxe5 26. Bg3 Bxf5 27. Bxf5 Rxf5 28.
Qe3 Re8 29. Rf1 Qf7 30. Rf2 Rxf2 31. Qxf2 Qxf2 32. Bxf2 Kg8 33. Kg2 Kf7 34. Rd1
Ke6 35. Kf3 e4+ 36. Ke3 Rf8 37. Bg3 g6 38. Kd4 Rf7 39. c6 Rf8 40. Kc5 Rc8 41.
Kb6 e3 42. Kb7 Rf8 43. c7 Rf7 44. Kb8 Rxc7 45. Kxc7 {Black resigns} 1-0